 Dungeon Crawl Stone Soup version 0.20-a0-441-g89e74e4 (webtiles) character file.

229 Kriby the Skirmisher (level 5, -1/44 HPs)
             Began as a Mummy Fighter on Jan 6, 2017.
             Was an Initiate of Okawaru.
             Slain by a sky beast (3 damage)
             ... on level 3 of the Dungeon.
             The game lasted 00:02:00 (3182 turns).

Kriby the Skirmisher (Mummy Fighter)                Turns: 3182, Time: 00:02:00

Health: -1/44      AC:  6    Str: 21    XL:     5   Next: 71%
Magic:  5/5        EV:  7    Int:  7    God:    Okawaru [......]
Gold:   90         SH:  9    Dex: 11    Spells: 4/4 levels left

rFire  x . .     SeeInvis .     a - +0 war axe
rCold  + . .     Gourm    .     b - +0 scale mail
rNeg   + + +     Faith    .     c - +0 shield
rPois  ∞         Spirit   .     (no helmet)
rElec  .         Reflect  .     (no cloak)
rCorr  .         Harm     .     (no gloves)
MR     .....                    (no boots)
Stlth  ..........               (no amulet)
                                (no ring)
                                (no ring)

@: no status effects
A: no food or potions, fire vulnerability, cold resistance 1, negative energy
resistance 3, torment resistance, unbreathing
a: Renounce Religion


You were on level 3 of the Dungeon.
You worshipped Okawaru.
Okawaru was noncommittal.
You were not hungry.

You visited 1 branch of the dungeon, and saw 3 of its levels.

You collected 90 gold pieces.

Inventory:

Hand Weapons
 a - a +0 war axe (weapon)
Armour
 b - a +0 scale mail (worn)
 c - a +0 shield (worn)
Scrolls
 d - 4 scrolls of remove curse {unknown}
 e - a scroll of recharging {unknown}
 f - a scroll of identify {unknown}
 g - a scroll of blinking {unknown}
 h - a scroll of magic mapping {unknown}
 i - a scroll of amnesia {unknown}
 j - a scroll of enchant weapon {unknown}
 k - a scroll of fear {unknown}
 l - a scroll of teleportation {unknown}
 n - a scroll of immolation {unknown}
Books
 m - a book of Minor Magic

   Spells                             Type                      Level
   a - Magic Dart                     Conjuration                  1
   b - Blink                          Translocation                2
   c - Call Imp                       Summoning                    2
   d - Repel Missiles                 Charms/Air                   2
   e - Slow                           Hexes                        2
   f - Conjure Flame                  Conjuration/Fire             3
   g - Mephitic Cloud                 Conjuration/Poison/Air       3


   Skills:
 * Level 5.0 Fighting
 + Level 2.6 Axes
 + Level 2.3 Throwing
 - Level 2.4 Armour
 - Level 2.4 Shields


You had 4 spell levels left.
You didn't know any spells.

Dungeon Overview and Level Annotations

Branches:
Dungeon (3/15)

Altars:
Dithmenos
Makhleb
Okawaru


Innate Abilities, Weirdness & Mutations

You do not eat or drink.
Your flesh is vulnerable to fire.
You are immune to poison.
Your flesh is cold resistant. (rC+)
You are immune to negative energy. (rN+++)
You are immune to unholy pain and torment.
You can survive without breathing.


Message History

You miss something. You block the bat's attack.
A sky beast appears from thin air!
Reactivating autopickup.
The sky beast hits you but does no damage.
The sky beast hits you. The sky beast shocks you.
* * * LOW HITPOINT WARNING * * *
You closely miss the sky beast.
The sky beast is heavily wounded.
You block the bat's attack. The sky beast hits you.
* * * LOW HITPOINT WARNING * * *
The sky beast shocks you.
* * * LOW HITPOINT WARNING * * *
You slash the sky beast!
The sky beast is almost dead.
The bat hits you but does no damage.
The sky beast hits you but does no damage.
Your shield and scale mail prevent you from hitting the sky beast.
The sky beast is almost dead.
You block the bat's attack. The sky beast hits you.
You die...

.................#
.....#...........# ..
.....#...........####...
.....#..............#...
.....#.......$##........
........................
........................
.....#.#.###...#........
%.....÷#..#....#@.......
....÷÷....#....#Yb..(..<
......###?....##........
.###### #.....$......%..
.###### #...............
.......##+#.#..........#
.......!....###+##.....
.......................
####.....>.#.#.....


You could see a sky beast and a bat.

Vanquished Creatures
  A howler monkey (D:3)
  A hound (D:3)
  A worker ant (D:3)
  4 gnolls
  6 adders (D:2)
  A worm (D:2)
  2 dart slugs (D:2)
  A giant cockroach (D:1)
  6 hobgoblins
  2 quokkas (D:2)
  9 bats
  3 frilled lizards
  2 goblins
  4 kobolds
  11 rats
54 creatures vanquished.

Vanquished Creatures (others)
  4 toadstools (D:1)
4 creatures vanquished.

Grand Total: 58 creatures vanquished

Notes
Turn   | Place    | Note
-------+----------+-------------------------------------------
     0 | D:1      | Kriby the Mummy Fighter began the quest for the Orb.
     0 | D:1      | Reached XP level 1. HP: 18/18 MP: 1/1
   470 | D:1      | Reached XP level 2. HP: 18/24 MP: 2/2
   474 | D:1      | Reached skill level 1 in Throwing
  1030 | D:2      | Reached XP level 3. HP: 24/29 MP: 3/3
  1491 | D:2      | Found an iron altar of Okawaru.
  1575 | D:2      | Became a worshipper of Warmaster Okawaru
  1646 | D:2      | Found a burning altar of Makhleb.
  1683 | D:2      | Reached skill level 4 in Fighting
  1683 | D:2      | Reached XP level 4. HP: 34/37 MP: 4/4
  1726 | D:2      | Found a shadowy altar of Dithmenos.
  2512 | D:3      | Reached XP level 5. HP: 27/43 MP: 5/5
  2629 | D:3      | Reached skill level 5 in Fighting
  2650 | D:3      | Noticed a sky beast
  3180 | D:3      | HP: 2/44 [sky beast (6)]
  3182 | D:3      | Slain by a sky beast

Vault maps used:
D:1:      ldierk_walled_garden_2, serial_forest, infiniplex_forest_end_1,
          infiniplex_forest_lined_3, infiniplex_forest_lined_room_,
          infiniplex_forest_pool, infiniplex_forest_split,
          infiniplex_forest_lined_room_2
D:2:      nicolae_overflow_crystal_walls, okawaru_metal_pillars_3,
          overflow_temple_1_default
D:3:      nemelex_xobeh_ov_fountains_minmay, first_bread

Skill      XL: |  1  2  3  4  5 |
---------------+----------------+-----
Throwing       | 1 2 |  2.3
Axes           | 2 |  2.6
Fighting       | 4 5 |  5.0
Armour         | |  2.4
Shields        | |  2.4

Action                   |  1- 3 |  4- 6 || total
-------------------------+-------+-------++-------
Melee: War axe           |   122 |    82 ||   204
Armor: Scale mail        |    66 |    52 ||   118
Dodge: Dodged            |    37 |    45 ||    82
Block: Shield            |    70 |    65 ||   135
